 Dungeon Crawl Stone Soup version 0.20-a0-1126-g0f15420 (webtiles) character file.

48 Deathtrap2010 the Skirmisher (level 3, 0/29 HPs)
             Began as a Demonspawn Fighter on May 17, 2017.
             Killed from afar by Sigmund (8 damage)
             ... with a wand of flame (?/48)
             ... on level 2 of the Dungeon.
             The game lasted 00:07:36 (1366 turns).

Deathtrap2010 the Skirmisher (Demonspawn Fighter)   Turns: 1366, Time: 00:07:37

Health: 0/29       AC:  6    Str: 17    XL:     3   Next: 50%
Magic:  0/3        EV:  7    Int:  9    God:
Gold:   145        SH:  0    Dex: 12    Spells: 2/2 levels left

rFire    . . .     SeeInvis .   a - +0 war axe
rCold    . . .     Gourm    .   c - +0 shield
rNeg     . . .     Faith    .   b - +0 scale mail
rPois    .         Spirit   .   (helmet restricted)
rElec    .         Reflect  .   (no cloak)
rCorr    .         Harm     .   (no gloves)
MR       .....                  (no boots)
Stlth    ..........             (no amulet)
Regen    0.1/turn               d - ring of loudness (curse)
MPRegen  0.1/turn               (no ring)

@: confused
A: antennae 1, large bone plates 1
a: no special abilities


You were on level 2 of the Dungeon.
You were not hungry.

You visited 1 branch of the dungeon, and saw 2 of its levels.

You collected 145 gold pieces.

Inventory:

Hand Weapons
 a - a +0 war axe (weapon)
 i - a +2 hand axe of chopping
Armour
 b - a +0 scale mail (worn)
 c - a +0 shield (worn)
Jewellery
 d - a cursed ring of loudness (left hand)
Comestibles
 f - a bread ration
 g - 3 fruits
 h - a meat ration


   Skills:
 * Level 3.4 Fighting
 * Level 2.3 Axes
 * Level 3.1 Armour
 * Level 3.0 Shields


You had 2 spell levels left.
You didn't know any spells.

Dungeon Overview and Level Annotations

Branches:
Dungeon (2/15)

Altars:
Cheibriados

Annotations:
D:2 Sigmund


Innate Abilities, Weirdness & Mutations

You have a pair of small antennae on your head.
You are partially covered in large bone plates. (SH +4)


Message History

Your surroundings seem slightly different.
Sigmund hits you from afar with an antimagic scythe.
You feel your power leaking away.
Oops, that ring feels deathly cold.
d - a cursed ring of loudness (left hand) Sigmund mumbles some strange words.
Sigmund flickers and vanishes!
Deactivating autopickup; reactivate with Ctrl-A.
You hear some strange, mumbled words.
You are confused.
You're too confused to move!
Something hits you!
* * * LOW HITPOINT WARNING * * *
You feel your power leaking away.
You're too confused to move!
Unknown command.
You bump into the rock wall.
You hear a zap.
A puff of flame appears from out of thin air!
The puff of flame hits you!
You die...

...############## ###
................# #<#
....###########!# #.# ....# #.#
#.# ....#### #.# #†# ......§# #.#
#######.##### ....##.# #.#
#............
....##.########.#####............
................@{.##............
#.#.##.########.##..#............
#.#...... ..# #.###.#######.#####
#.#####.###.# #.# #..######.#####
#.#####.###.###.####.............
[...†............................
#.####....#.##....##..#####......
#.# #......##....###.## #.###.#
..# #....####....# #..# #.###.#


There were no monsters in sight!

Vanquished Creatures
  An adder (D:2)
  A worm (D:2)
  A dart slug (D:1)
  2 giant cockroaches
  6 goblins
  7 hobgoblins
  2 kobolds (D:1)
  A ball python (D:1)
  5 bats
  A frilled lizard (D:2)
  4 rats
31 creatures vanquished.

Notes
Turn   | Place    | Note
-------+----------+-------------------------------------------
     0 | D:1      | Deathtrap2010 the Demonspawn Fighter began the quest for the Orb.
     0 | D:1      | Reached XP level 1. HP: 18/18 MP: 1/1
   321 | D:1      | Gained mutation: You have a pair of small antennae on your head. [demonic ancestry]
   321 | D:1      | Reached XP level 2. HP: 24/24 MP: 2/2
   811 | D:2      | Gained mutation: You are partially covered in large bone plates. (SH +4) [demonic ancestry]
   811 | D:2      | Reached XP level 3. HP: 18/29 MP: 3/3
  1089 | D:2      | Found a snail-covered altar of Cheibriados.
  1354 | D:2      | Noticed Sigmund
  1366 | D:2      | Killed from afar by Sigmund

Vault maps used:
D:1:      dpeg_arrival_orchard
D:2:      xom_butterflies, old_standard_altar, uniq_sigmund

Skill      XL: |  1  2 |
---------------+-------+-----
Armour         | 3 |  3.1
Axes           | 2 |  2.3
Shields        | 3 |  3.0
Fighting       | |  3.4

Action                   || total
-------------------------++-------
Melee: War axe           ||   116
  Use: Scroll            ||     8
       Potion            ||     4
  Eat: Bread ration      ||     1
Armor: Scale mail        ||    61
Dodge: Dodged            ||    29
Block: Shield            ||    67
